 Dungeon Crawl Stone Soup version 0.19.0-19-g8c6edcc (webtiles) character file.

389 Charly the Cleaver (level 6, -9/51 HPs)
             Began as a Minotaur Berserker on Nov 15, 2016.
             Was a Follower of Trog.
             Killed by the air
             ... invoked by Gastronok
              (16 damage)
             ... on level 8 of the Dungeon.
             The game lasted 00:04:48 (534 turns).

Charly the Cleaver (Minotaur Berserker)              Turns: 534, Time: 00:04:49

Health: -9/51      AC:  2    Str: 21    XL:     6   Next: 49%
Magic:  5/5        EV: 12    Int:  4    God:    Trog [*.....]
Gold:   22         SH:  0    Dex: 12    Spells: 0 memorised, 5 levels left

rFire  . . .     SeeInvis .     a - +0 hand axe
rCold  . . .     Gourm    .     b - +0 animal skin
rNeg   . . .     Faith    .     (no shield)
rPois  +         Spirit   .     (helmet restricted)
rElec  .         Reflect  .     (no cloak)
rCorr  .         Harm     .     (no gloves)
MR     .....                    (no boots)
Stlth  +.........               (no amulet)
                                (no ring)
                                f - ring of poison resistance

@: exhausted
A: retaliatory headbutt, horns 2
a: Berserk, Burn Spellbooks, Renounce Religion


You were on level 8 of the Dungeon.
You worshipped Trog.
Trog was aware of your devotion.
You were not hungry.

You visited 1 branch of the dungeon, and saw 8 of its levels.

You collected 22 gold pieces.

Inventory:

Hand Weapons
 a - a +0 hand axe (weapon)
Armour
 b - a +0 animal skin (worn)
Jewellery
 f - a ring of poison resistance (left hand)
Scrolls
 e - a scroll of remove curse
 g - a scroll of identify
Comestibles
 c - a bread ration
 i - a meat ration
 j - a chunk of flesh
 k - a beef jerky


   Skills:
 - Level 3.6 Fighting
 + Level 8.9 Axes
 - Level 2.4 Armour
 - Level 2.1 Dodging


You had 5 spell levels left.
You didn't know any spells.

Dungeon Overview and Level Annotations

Branches:
Dungeon (8/15)             Temple (0/1) D:6
   Lair: D:8-11

Altars:
Qazlal
Zin

Annotations:
D:4 Dowan, Duvessa
D:8 Gastronok, Maurice


Innate Abilities, Weirdness & Mutations

You reflexively headbutt those who attack you in melee.
You have a pair of horns on your head.


Message History

You climb downwards.
A bullfrog and Gastronok come into view.
Gastronok gurgles horribly!
The bullfrog gives a loud, deep croak!
Found 2 amethyst potions.
Found a stone staircase leading up.
There is a stone staircase leading up here.
Unknown command.
The bullfrog hits you!
* * * LOW HITPOINT WARNING * * *
A bullfrog comes into view.
The bullfrog gives a loud, deep croak!
The bullfrog hits you!
* * * LOW HITPOINT WARNING * * *
The bullfrog hits you.
* * * LOW HITPOINT WARNING * * *
Maurice the Thief comes into view.
He is wielding a short sword.
The bullfrog hits you.
* * * LOW HITPOINT WARNING * * *
Gastronok waves his eye-stalks in wide circles.
The air twists around and strikes you!
You die...

##.#......... .@
..+.........
...##.#.........
................
#.#.#.....#.....#
#...............#
#.#.##....<.....#
.#.#......F.@....#
...........F.#####
.............##
..............#
..............##
........w.........
.......<..........
...................
...###.......###...


You could see Gastronok and 2 bullfrogs.

Vanquished Creatures
  A sky beast (D:5)
  Blork the orc (D:6)
  2 scorpions (D:4)
  A hound (D:5)
  2 worker ants
  A hound skeleton (D:5)
  An adder (D:2)
  2 gnolls (D:4)
  2 leopard geckos
  An orc (D:3)
  3 hobgoblins
  A bat (D:3)
  2 frilled lizards
  2 rats (D:2)
22 creatures vanquished.

Notes
Turn   | Place    | Note
-------+----------+-------------------------------------------
     0 | D:1      | Charly the Minotaur Berserker began the quest for the Orb.
     0 | D:1      | Reached XP level 1. HP: 19/19 MP: 0/0
    22 | D:2      | Reached skill level 4 in Axes
    22 | D:2      | Reached XP level 2. HP: 26/26 MP: 1/1
   151 | D:4      | Reached skill level 5 in Axes
   152 | D:4      | Noticed Duvessa
   153 | D:4      | Reached XP level 3. HP: 29/31 MP: 2/2
   155 | D:4      | Noticed Dowan
   199 | D:4      | Noticed a scorpion
   204 | D:4      | Killed a scorpion
   204 | D:4      | Reached skill level 6 in Axes
   204 | D:4      | Reached XP level 4. HP: 39/39 MP: 3/3
   208 | D:5      | Entered Level 5 of the Dungeon
   258 | D:5      | Noticed a sky beast
   262 | D:5      | Killed a sky beast
   262 | D:5      | Reached skill level 7 in Axes
   262 | D:5      | Reached XP level 5. HP: 31/45 MP: 4/4
   345 | D:5      | Reached skill level 8 in Axes
   351 | D:5      | Found a glowing silver altar of Zin.
   352 | D:5      | Found a stormy altar of Qazlal.
   400 | D:4      | Reached XP level 6. HP: 31/51 MP: 5/5
   427 | D:6      | Noticed Blork the orc
   446 | D:6      | Killed Blork the orc
   488 | D:6      | Found a staircase to the Ecumenical Temple.
   495 | D:6      | Reached ** piety under Trog
   528 | D:8      | Noticed Gastronok
   534 | D:8      | Noticed Maurice
   534 | D:8      | Killed from afar by Gastronok

Skill      XL: |  1  2  3  4  5 |
---------------+----------------+-----
Axes           | 4 5 6 7 8 |  8.9
Fighting       | |  3.6
Armour         | |  2.4
Dodging        | |  2.1

Action                   |  1- 3 |  4- 6 || total
-------------------------+-------+-------++-------
Melee: Hand axe          |    21 |    37 ||    58
       Headbutt          |     3 |     9 ||    12
Invok: Berserk           |     3 |     4 ||     7
       Trog's Hand       |       |     1 ||     1
  Use: Scroll            |       |     2 ||     2
       Potion            |       |     1 ||     1
  Eat: Bread ration      |       |     1 ||     1
       Chunk             |       |     2 ||     2
Armor: Animal skin       |     2 |     7 ||     9
Dodge: Dodged            |    11 |    26 ||    37
